 Dungeon Crawl Stone Soup version 0.23-a0-629-gae4348f (webtiles) character file.

189 Leeroy the Slasher (level 5, -1/39 HPs)
             Began as a Barachi Skald on Dec 26, 2018.
             Slain by a gnoll
             ... wielding a +0 spear
              (7 damage)
             ... on level 2 of the Dungeon.
             The game lasted 00:05:36 (1573 turns).

Leeroy the Slasher (Barachi Skald)                  Turns: 1573, Time: 00:05:36

Health: -1/39      AC:  3    Str: 13    XL:     5   Next: 68%
Magic:  17/17      EV: 12    Int: 14    God:
Gold:   132        SH:  0    Dex: 11    Spells: 4/8 levels left

rFire    . . .     SeeInvis .   a - +1 falchion
rCold    . . .     Gourm    .   (no shield)
rNeg     . . .     Faith    .   b - +0 leather armour
rPois    .         Spirit   .   (no helmet)
rElec    .         Reflect  .   (no cloak)
rCorr    .         Harm     .   (no gloves)
MR       .....                  (no boots)
Stlth    +.........             (no amulet)
HPRegen  0.13/turn              o - ring of magical power
MPRegen  0.15/turn              (no ring)

@: can't hop, very slightly contaminated, slow
A: +LOS, swims, slowness 1, strong legs 1
a: Hop


You were on level 2 of the Dungeon.
You were not hungry.

You visited 1 branch of the dungeon, and saw 2 of its levels.

You collected 132 gold pieces.

Inventory:

Hand Weapons
 a - a +1 falchion (weapon)
 c - a +0 short sword
 i - a +1 short sword of holy wrath
Missiles
 m - 37 stones (quivered)
 q - 20 sling bullets
Armour
 b - a +0 leather armour (worn)
 r - a +1 robe
Jewellery
 o - a ring of magical power (left hand)
Scrolls
 f - a scroll of immolation
 j - a scroll of blinking {unknown}
 p - 2 scrolls of identify
Potions
 g - a potion of brilliance {unknown}
 h - a potion of curing {unknown}
 k - a potion of heal wounds {unknown}
 l - a potion of berserk rage {unknown}
 n - 2 potions of lignification
Comestibles
 d - 2 rations
 s - a chunk of flesh


   Skills:
 - Level 2.4 Fighting
 * Level 6.1 Long Blades
 - Level 1.2 Armour
 - Level 2.1 Dodging
 - Level 2.1 Spellcasting
 + Level 0.4 Hexes
 + Level 4.2 Charms


You had 4 spell levels left.
You knew the following spells:

 Your Spells              Type           Power        Failure   Level  Hunger
a - Infusion              Chrm           ##..         5%          1    #......
b - Spectral Weapon       Hex/Chrm       #.......     34%         3    ###....

Your spell library contained the following spells:

 Spells                   Type           Power        Failure   Level  Hunger
 Song of Slaying          Chrm           ##......     8%          2    ###....
 Shroud of Golubria       Chrm/Tloc      #.........   19%         2    ###....
 Regeneration             Chrm/Necr      #.........   36%         3    ###....


Dungeon Overview and Level Annotations

Branches:
Dungeon (2/15)

Altars:


Innate Abilities, Weirdness & Mutations

Shadows flee at your approach. (+LOS)
You can swim through water.
You cover ground slowly.
You can hop short distances.


Message History

You open the door. The gnoll completely misses you.
Found 17 gold pieces and a potion of lignification.
There is an open door here.
You see here 17 gold pieces.
You now have 132 gold pieces (gained 17).
The gnoll closely misses you.
You see here a potion of lignification.
n - 2 potions of lignification (gained 1)
The gnoll hits you from afar with a +0 spear.
* * * LOW HITPOINT WARNING * * *
Your legs are too worn out to hop.
The gnoll misses you. The gnoll misses you. The gnoll closely misses you.
You flicker for a moment.
The gnoll hits you with a +0 spear.
* * * LOW HITPOINT WARNING * * *
You flicker back into view.
The gnoll hits you from afar with a +0 spear!
You die...

....+.##....# #.# #.#
....#.##....####.###.#
.#.....'....'........#
.#.##.##....####g#####
......####### #g#
.#.##.# #g# .#.##.#
#g# .#.##.# #.#
.#.##.# #@# .#.##.#
#.# ....... #.#
...##.# #.# .... .#
#.# .#### #.# ## #.#
#.# #.#


You could see 4 gnolls.

Vanquished Creatures
  Sigmund (D:2)
  An ooze (D:1)
  A dart slug (D:2)
  2 leopard geckos (D:1)
  3 bats
  3 giant cockroaches (D:1)
  5 goblins
  2 hobgoblins (D:1)
  A quokka (D:2)
  2 frilled lizards (D:1)
  8 kobolds (D:1)
  2 rats (D:1)
31 creatures vanquished.

Vanquished Creatures (others)
  A bat (D:1)
  A goblin (D:1)
2 creatures vanquished.

Grand Total: 33 creatures vanquished

Notes
Turn   | Place    | Note
-------+----------+-------------------------------------------
     0 | D:1      | Leeroy the Barachi Skald began the quest for the Orb.
     0 | D:1      | Reached XP level 1. HP: 17/17 MP: 3/3
   175 | D:1      | Reached XP level 2. HP: 23/23 MP: 5/5
   178 | D:1      | Reached skill level 3 in Long Blades
   410 | D:1      | Reached XP level 3. HP: 21/28 MP: 6/6
   415 | D:1      | Learned a level 3 spell: Spectral Weapon
   919 | D:2      | Noticed Sigmund
  1401 | D:2      | Killed Sigmund
  1401 | D:2      | Reached skill level 6 in Long Blades
  1401 | D:2      | Reached XP level 4. HP: 31/34 MP: 4/7
  1401 | D:2      | Reached XP level 5. HP: 35/39 MP: 4/8
  1573 | D:2      | Slain by a gnoll

Vault maps used:
D:1:      eino_arrival_cavern_e, lemuel_flame_loot_1
D:2:      elyvilon_altar_3, uniq_sigmund

Skill      XL: |  1  2  3 |
---------------+----------+-----
Long Blades    | 3 6 |  6.1
Charms         | 4 |  4.2
Fighting       | |  2.4
Armour         | |  1.2
Dodging        | |  2.1
Spellcasting   | |  2.1
Hexes          | |  0.4

Action                   |  1- 3 |  4- 6 || total
-------------------------+-------+-------++-------
Melee: Falchion          |    96 |    10 ||   106
 Cast: Spectral Weapon   |     2 |       ||     2
 Abil: Hop               |     2 |     1 ||     3
  Use: Scroll            |     3 |     2 ||     5
       Potion            |     1 |     1 ||     2
  Eat: Ration            |     1 |       ||     1
Armor: Leather armour    |    27 |     1 ||    28
       Skin              |     6 |       ||     6
Dodge: Dodged            |    80 |    16 ||    96
       Rpst.: Falchion   |    25 |     3 ||    28

Table legend:
 A = Non-vault XP
 B = Vault XP
 C = Vault XP percentage of total XP
 D = Non-vault monster count
 E = Vault monster count
 F = Vault count percentage of total count
                 A         B        C        D         E       F
            +---------+---------+-------+---------+---------+-------
      Total |      58 |     212 |  78.5 |      30 |       1 |   3.2
            +---------+---------+-------+---------+---------+-------
        D:1 |      48 |       0 |   0.0 |      26 |       0 |   0.0
        D:2 |      10 |     212 |  95.5 |       4 |       1 |  20.0
            +---------+---------+-------+---------+---------+-------
